 Dungeon Crawl Stone Soup version 0.18.1-50-g88ac8fd (webtiles) character file.

109 spiff the Insei (level 4, 0/24 HPs)
             Began as a Vine Stalker Transmuter on Sept 28, 2016.
             Succumbed to an adder's poison
             ... on level 2 of the Dungeon.
             The game lasted 00:04:51 (1528 turns).

spiff the Insei (Vine Stalker Transmuter)           Turns: 1528, Time: 00:04:51

Health: 0/24       AC:  4    Str: 14    XL:     4   Next: 89%
Magic:  7/8        EV: 12    Int: 13    God:
Gold:   77         SH:  0    Dex: 14    Spells: 2 memorised, 3 levels left

rFire  . . .     SeeInvis .       - Unarmed
rCold  . . .     Gourm    .     b - +0 robe
rNeg   . . .     Faith    .     (no shield)
rPois  +         Spirit   +     (no helmet)
rElec  .         Dismiss  .     (no cloak)
rCorr  .         Reflect  .     (no gloves)
SustAt .         Harm     .     (no boots)
MR     .....                    (no amulet)
Stlth  +.........               (no ring)
                                (no ring)

@: confused, lethally poisoned (0 -> -3), appendage (expiring), not resistant to
hostile enchantments, very unstealthy
A: fangs 2, hooves 1, horns 2, yellow scales 1, poison resistance, regeneration
1, magic shield, antimagic bite, no device heal 3, rot immunity
a: End Transformation


You were on level 2 of the Dungeon.
You were not hungry.
You had grown temporary horns.
You visited 1 branch of the dungeon, and saw 2 of its levels.

You collected 77 gold pieces.

Inventory:

Missiles
 a - 38 arrows
 n - 21 poisoned needles
Armour
 b - a +0 robe (worn)
Wands
 q - a wand of disintegration (11/24)
Scrolls
 g - a scroll of teleportation {unknown}
 j - 2 scrolls of identify {unknown}
 k - a scroll of random uselessness {unknown}
 m - 3 scrolls of remove curse {unknown}
 o - a scroll of immolation {unknown}
 p - a scroll of enchant armour {unknown}
Potions
 s - a potion of haste {unknown}
Books
 c - a book of Changes

   Spells                             Type                      Level
   a - Beastly Appendage              Transmutation                1
   b - Sticks to Snakes               Transmutation                2
   c - Spider Form                    Transmutation/Poison         3
   d - Ice Form                       Ice/Transmutation            4
   e - Blade Hands                    Transmutation                5
Comestibles
 d - a bread ration
 h - a fruit
 i - a slice of pizza
 l - 2 meat rations
 t - a beef jerky


   Skills:
 + Level 3.1 Fighting
 - Level 1.5 Dodging
 - Level 4.1 Unarmed Combat
 - Level 2.1 Spellcasting
 - Level 2.0 Transmutations


You had 3 spell levels left.
You knew the following spells:

 Your Spells              Type           Power        Failure   Level  Hunger
a - Beastly Appendage     Trmt           #.....       12%         1    ##.....
q - Spider Form           Trmt/Pois      #.........   52%         3    ####...


Dungeon Overview and Level Annotations

Branches:
Dungeon (2/15)

Altars:


Innate Abilities, Weirdness & Mutations

You have extremely sharp teeth.
Your natural rate of healing is unusually fast.
When hurt, damage is shared between your health and your magic reserves.
Your bite disrupts and absorbs the magic of your enemies.
Potions and wands cannot restore your health.
You are immune to rotting.
You have large cloven feet.
You have a pair of horns on your head.
You are partially covered in yellow scales (AC +2).
Your system is resistant to poisons.


Message History

You kill the adder!
Your Fighting skill increases to level 3!
You feel sick. The adder closely misses you. The adder bites you.
* * * LOW HITPOINT WARNING * * *
Drink which item? (? for menu, Esc to quit)
It was a potion of mutation.
You feel extremely strange.
Yellow scales grow over part of your body.
Your feet thicken and deform.
You feel resistant to poisons.
* * * LOW HITPOINT WARNING * * *
You feel sick. The adder bites you.
Drink which item? (? for menu, Esc to quit)
It was a potion of ambrosia.
You are confused.
You feel invigorated.
Your transformation is almost over.
* * * LOW HITPOINT WARNING * * *
You feel sick. The adder bites you.
Drink which item? (? for menu, Esc to quit)
Okay, then.
You die...

............##.......#.....#.##..
............##.......#.....#+####
...#........##.......###.#.(...#
...#........##.......# #.#..[..#
...+.................# #.......#
.gg####..............####......#
..g.(.#.......S................#
#####(#..................#(#.####
'.# #(###....##.@.......('.......
### ≈g≈ #.###......##....#...#...
..#.≈g≈##.#.'........<...##.÷#.##
####≈.≈.#...#............##..#.#.
.≈.≈##...#<.........####..#.#.
####≈.≈.#...'.............#..#.#.
..#.≈.≈##+###.....[.......#..#.#.
..## #.#...............#..#.#(
...# #.......####...#####+#.#.


You could see an adder.

Vanquished Creatures
  Ijyb (D:2)
  An adder (D:2)
  2 gnolls (D:2)
  A worm (D:2)
  A dart slug (D:1)
  A giant gecko (D:2)
  An orc (D:2)
  4 giant cockroaches
  8 goblins
  4 hobgoblins
  5 jackals (D:2)
  6 bats
  7 kobolds
  6 rats
48 creatures vanquished.

Notes
Turn   | Place    | Note
--------------------------------------------------------------
     0 | D:1      | spiff the Vine Stalker Transmuter began the quest for the Orb.
     0 | D:1      | Reached XP level 1. HP: 9/9 MP: 4/4
   188 | D:1      | Reached XP level 2. HP: 14/14 MP: 6/6
   642 | D:2      | Reached skill level 4 in Unarmed Combat
   677 | D:2      | Reached XP level 3. HP: 15/17 MP: 7/7
   692 | D:2      | Learned a level 3 spell: Spider Form
   753 | D:2      | Reached skill level 1 in Fighting
   802 | D:2      | Noticed Ijyb
   811 | D:2      | Killed Ijyb
   918 | D:2      | Reached XP level 4. HP: 22/23 MP: 6/8
  1526 | D:2      | Gained mutation: You are partially covered in yellow scales (AC +2). [potion of mutation]
  1526 | D:2      | Gained mutation: You have large cloven feet. [potion of mutation]
  1526 | D:2      | Gained mutation: Your system is resistant to poisons. [potion of mutation]
  1527 | D:2      | HP: 1/24 [poisoned by an adder]
  1528 | D:2      | Succumbed to an adder's poison

Skill      XL: |  1  2  3  4 |
---------------+-------------+-----
Unarmed Combat | 4 |  4.1
Fighting       | 2 3 |  3.1
Dodging        | |  1.5
Spellcasting   | |  2.1
Transmutations | |  2.0

Action                   |  1- 3 |  4- 6 || total
-------------------------+-------+-------++-------
Melee: Unarmed           |    75 |    58 ||   133
       Bite              |    16 |     6 ||    22
       Headbutt          |     2 |     4 ||     6
       Kick              |     1 |     2 ||     3
 Cast: Beastly Appendage |     7 |     5 ||    12
       Spider Form       |     1 |     1 ||     2
  Use: Potion            |       |     2 ||     2
 Stab: Sleeping          |     2 |     2 ||     4
  Eat: Chunk             |       |     3 ||     3
Armor: Robe              |    11 |     7 ||    18
       Skin              |       |     2 ||     2
Dodge: Dodged            |    40 |    33 ||    73
